 Dungeon Crawl Stone Soup version 0.28.0-53-g5a82cb258f (webtiles) character file.

Game seed: 14777711457178173425

25 Peloso the Covered (level 2, 27/27 HPs)
             Began as a Minotaur Fighter on July 16, 2022.
             Got out of the dungeon alive.
             The game lasted 00:01:47 (799 turns).

Peloso the Covered (Minotaur Fighter)                Turns: 799, Time: 00:01:48

Health: 27/27      AC:  7    Str: 20    XL:     2   Next: 86%
Magic:  1/1        EV:  9    Int:  5    God:
Gold:   23         SH:  4    Dex:  9    Spells: 1/1 levels left

rFire   . . .      SeeInvis .   a - +0 long sword
rCold   . . .      Faith    .   c - +0 buckler
rNeg    . . .      Spirit   .   b - +0 scale mail
rPois   .          Reflect  .   (helmet restricted)
rElec   .          Harm     .   (no cloak)
rCorr   .          Rampage  .   (no gloves)
Will    .....      Rage     1%  (no boots)
Stlth   ..........              (no amulet)
HPRegen 0.89/turn               (no ring)
MPRegen 0.07/turn               (no ring)

@: no status effects
A: horns 2, retaliatory headbutt, berserk 1, regeneration 1
a: no special abilities


You escaped.
You visited 1 branch of the dungeon, and saw 1 of its levels.

You collected 23 gold pieces.

Inventory:

Hand Weapons
 a - a +0 long sword (weapon)
Armour
 b - a +0 scale mail (worn)
 c - a +0 buckler (worn)
Jewellery
 g - a +6 ring of strength
Scrolls
 f - a scroll of identify {unknown}
 h - a scroll of blinking {unknown}
 i - a scroll of noise {unknown}
Potions
 d - a potion of might


   Skills:
 + Level 3.8 Fighting
 + Level 2.8 Long Blades
 + Level 4.1 Armour
 + Level 1.0 Dodging
 + Level 3.8 Shields


You had one spell level left.
You didn't know any spells.
Your spell library was empty.

Dungeon Overview and Level Annotations

Branches:
Dungeon (1/15)

Altars:


Innate Abilities, Weirdness & Mutations

You have a pair of horns on your head.
You reflexively headbutt those who attack you in melee.
You tend to lose your temper in combat.
Your natural rate of healing is unusually fast.


Message History

You hit the endoplasm but do no damage. The endoplasm closely misses you.
You slash the endoplasm!
You kill the endoplasm!
Found a short sword.
j - a sedimented yellow potion You see here a +0 short sword.
A ball python comes into view.
The ball python hisses angrily.
A ball python is nearby!
You block the ball python's attack. The ball python closely misses you.
The ball python bites you but does no damage.
The ball python grabs you. The ball python constricts you.
You escape the ball python's grasp.
You closely miss the ball python. The ball python completely misses you.
The ball python grabs you. The ball python constricts you.
The ball python bites you. The ball python constricts you.
You barely miss the ball python. The ball python barely misses you.
You furiously retaliate!
You headbutt the ball python. The ball python constricts you.
You slash the ball python!
You kill the ball python!
Your Dodging skill increases to level 1!
You see here a ball python corpse.
You see here 18 bolts.
Done exploring.
Done exploring.
Done exploring.
It was a potion of curing.
You feel better.
It was a potion of mutation.
You feel extremely strange.
You begin to heal more quickly.
You feel a little pissed off.
(D) Dungeon
Where to? (? - help)
What level of the Dungeon? (default 1, ? - help)
There is a dry fountain here.
There is a dry fountain here.
There is a staircase leading out of the dungeon here.
Are you sure you want to leave the Dungeon?
This will make you lose the game!
Alright, then stay!
Are you sure you want to leave the Dungeon?
This will make you lose the game!
You have escaped!

#......##.########..(....##.....#
#.......#..........#....#########
...#............>......###
#####.#..............#...#
#....##............####.#
##..................# #.###
..............#####.# ##.#.######
.....####....##.>.### #..........
##...# #....##..@..## #..........
##.####...##.......###..........
##..# #...##..⌠...⌠..###........#
#..####..##.(.........##.#.#....#
.....#..##.⌠....⌠....⌠.###.#....#
.......##...............##.#....#
......##..⌠...⌠...⌠...⌠..###....#
.....##...................##....#
.....#......⌠.......⌠......#....#


There were no monsters in sight!

Vanquished Creatures
  2 endoplasms (D:1)
  A giant cockroach (D:1)
  A goblin (D:1)
  4 hobgoblins (D:1)
  A quokka (D:1)
  5 ball pythons (D:1)
  5 bats (D:1)
  2 kobolds (D:1)
  2 rats (D:1)
23 creatures vanquished.

Notes
Turn   | Place    | Note
-------+----------+-------------------------------------------
     0 | D:1      | Peloso the Minotaur Fighter began the quest for the Orb.
     0 | D:1      | Reached XP level 1. HP: 19/19 MP: 0/0
   243 | D:1      | Reached skill level 4 in Armour
   257 | D:1      | Reached XP level 2. HP: 27/27 MP: 1/1
   674 | D:1      | Reached skill level 1 in Dodging
   739 | D:1      | Gained mutation: Your natural rate of healing is unusually
                  | fast. [potion of mutation]
   739 | D:1      | Gained mutation: You tend to lose your temper in combat.
                  | [potion of mutation]
   799 | D:$      | Got out of the dungeon alive.

Illustrated notes

Levels and vault maps discovered:
D:1:      dpeg_arrival_lava_temple_mockup, layout_rooms, kennysheep_boxes

Skill      XL: |  1  2 |
---------------+-------+-----
Armour         | 4 |  4.1
Dodging        | 1 |  1.0
Fighting       | |  3.8
Long Blades    | |  2.8
Shields        | |  3.8

Action                   || total
-------------------------++-------
Melee: Long sword        ||    47
       Headbutt          ||     4
  Use: Potion            ||     2
Armor: Scale mail        ||    31
Dodge: Dodged            ||    35
Block: Buckler           ||    13
